 Dungeon Crawl Stone Soup version 0.18.1-50-g88ac8fd (webtiles) character file.

428 magog001 the Covered (level 6, -1/56 HPs)
             Began as a Minotaur Fighter on May 20, 2018.
             Slain by an orc wizard
             ... wielding a +0 dagger
              (4 damage)
             ... on level 3 of the Dungeon.
             The game lasted 00:12:36 (3038 turns).

magog001 the Covered (Minotaur Fighter)             Turns: 3038, Time: 00:12:37

Health: -1/56      AC: 13    Str: 22    XL:     6   Next: 65%
Magic:  5/5        EV:  8    Int:  5    God:
Gold:   99         SH: 10    Dex: 10    Spells: 0 memorised, 5 levels left

rFire  x . .     SeeInvis .     p - +2 mace (protect)
rCold  + . .     Gourm    .     b - +0 scale mail
rNeg   . . .     Faith    .     c - +0 shield
rPois  .         Spirit   .     (helmet restricted)
rElec  .         Dismiss  .     (no cloak)
rCorr  .         Reflect  .     (no gloves)
SustAt .         Harm     .     l - +0 pair of boots {Stlth+}
MR     .....                    (no amulet)
Stlth  +.........               k - ring of wizardry
                                m - ring of ice

@: not resistant to hostile enchantments, very unstealthy
A: retaliatory headbutt, horns 2
a: no special abilities


You were on level 3 of the Dungeon.
You were not hungry.

You visited 1 branch of the dungeon, and saw 3 of its levels.
You also visited: Sewer.

You collected 99 gold pieces.

Inventory:

Hand Weapons
 a - a +0 war axe
 p - a +2 mace of protection (weapon)
Armour
 b - a +0 scale mail (worn)
 c - a +0 shield (worn)
 l - a +0 pair of boots of stealth (worn)
Jewellery
 k - a ring of wizardry (right hand)
 m - a ring of ice (left hand)
Scrolls
 e - 4 scrolls of identify
 i - a scroll of immolation {unknown}
 q - 2 scrolls of teleportation
 r - a scroll of blinking {unknown}
 s - a scroll of remove curse {unknown}
 t - a scroll of enchant armour {unknown}
 u - a scroll of fear {unknown}
Potions
 d - 3 potions of might
 h - a potion of magic
 n - a potion of haste {unknown}
 v - a potion of brilliance
Comestibles
 f - 2 bread rations
 g - 2 slices of pizza
 j - 2 meat rations


   Skills:
 * Level 5.1 Fighting
 - Level 3.4(3.5) Axes
 * Level 1.0(2.3) Maces & Flails
 * Level 5.8 Armour
 - Level 2.0 Dodging
 - Level 0.1 Stealth
 * Level 5.7 Shields


You had 5 spell levels left.
You didn't know any spells.

Dungeon Overview and Level Annotations

Branches:
Dungeon (3/15)

Altars:
Gozag


Innate Abilities, Weirdness & Mutations

You reflexively headbutt those who attack you in melee.
You have a pair of horns on your head.


Message History

You closely miss something.
Something hits you but does no damage. x2
The orc priest invokes the aid of Beogh against you.
Beogh smites you!
You closely miss something. You headbutt something.
You hear some strange, mumbled words.
A magic dart appears from out of thin air!
The magic dart hits you! Something hits you but does no damage.
You hit something. Your headbutt misses something.
Something hits you but does no damage.
The orc priest invokes the aid of Beogh against you.
Beogh smites you!
* * * LOW HITPOINT WARNING * * *
Something hits you but does no damage.
You miss something. Something hits you.
* * * LOW HITPOINT WARNING * * *
Something hits you but does no damage.
You miss something. Something hits you but does no damage.
The orc priest looks braver for a moment.
Something hits you.
You die...

#. .#
##.#
.#
...#
.#
...#.
....
.o#
#K#
#{#
#@#
#.#
#.##
#..#
##.#
#.#
#.#
#.#
#.#


You could see an orc priest and a kobold.

Vanquished Creatures
  The ghost of magog001 the Covered, an amateur MiFi (D:3)
  2 big kobolds (Sewer)
  An orc wizard (D:3)
  2 river rats
  6 adders
  A shadow imp (D:3)
  2 oozes
  4 worms
  4 dart slugs
  A giant gecko (D:1)
  2 orcs (D:3)
  3 giant cockroaches (D:2)
  5 goblins
  7 hobgoblins
  4 ball pythons
  8 bats
  3 giant newts
  18 kobolds
  12 rats
86 creatures vanquished.

Notes
Turn   | Place    | Note
--------------------------------------------------------------
     0 | D:1      | magog001 the Minotaur Fighter began the quest for the Orb.
     0 | D:1      | Reached XP level 1. HP: 19/19 MP: 0/0
   190 | D:1      | Reached XP level 2. HP: 27/27 MP: 1/1
   656 | D:2      | Reached XP level 3. HP: 33/33 MP: 2/2
  1371 | D:2      | Reached XP level 4. HP: 39/40 MP: 3/3
  1865 | D:3      | Reached skill level 1 in Dodging
  1906 | D:3      | Found a glowing drain.
  1915 | Sewer    | Entered a sewer
  2122 | Sewer    | Reached XP level 5. HP: 26/47 MP: 4/4
  2555 | Sewer    | Reached skill level 5 in Armour
  2555 | Sewer    | Reached skill level 5 in Shields
  2562 | Sewer    | Reached skill level 5 in Fighting
  2562 | Sewer    | Reached XP level 6. HP: 50/56 MP: 5/5
  2767 | D:3      | Noticed magog001's ghost (amateur MiFi)
  2785 | D:3      | Killed magog001's ghost
  2824 | D:3      | Found an opulent altar of Gozag.
  3026 | D:3      | Reached skill level 1 in Maces & Flails
  3038 | D:3      | Slain by an orc wizard

Skill      XL: |  1  2  3  4  5  6 |
---------------+-------------------+-----
Fighting       | 4 5 |  5.1
Armour         | 4 5 |  5.8
Shields        | 4 5 |  5.7
Dodging        | 1 2 |  2.0
Axes           | 3 |  3.4
Maces & Flails | 1 |  1.0
Stealth        | |  0.1

Action                   |  1- 3 |  4- 6 || total
-------------------------+-------+-------++-------
Melee: War axe           |    92 |    96 ||   188
       Headbutt          |    15 |    32 ||    47
       Mace              |       |    48 ||    48
  Use: Potion            |       |     8 ||     8
       Scroll            |       |     1 ||     1
  Eat: Chunk             |     1 |     4 ||     5
       Beef jerky        |       |     2 ||     2
Armor: Scale mail        |    68 |    68 ||   136
Dodge: Dodged            |    42 |    34 ||    76
Block: Shield            |    65 |    75 ||   140
